 Dungeon Crawl Stone Soup version 0.28.0-43-g3370ac3207 (webtiles) character file.

Game seed: 6337223158480277032

103 smarlow the Conjurer (level 4, -7/28 HPs)
             Began as an Octopode Conjurer on Mar 2, 2022.
             Killed from afar by an orc wizard (10 damage)
             ... with a puff of flame
             ... on level 3 of the Dungeon.
             The game lasted 00:05:14 (3012 turns).

smarlow the Conjurer (Octopode Conjurer)            Turns: 3012, Time: 00:05:15

Health: -7/28      AC:  1    Str:  6    XL:     4   Next: 79%
Magic:  2/8        EV: 13    Int: 28    God:
Gold:   76         SH:  0    Dex: 10    Spells: 3/8 levels left

rFire   . . .      SeeInvis .   b - +0 short sword
rCold   . . .      Faith    .   (no shield)
rNeg    + . .      Spirit   .   (helmet restricted)
rPois   .          Reflect  .   (no amulet)
rElec   .          Harm     .   d - +6 ring of intelligence
rCorr   .          Rampage  .   g - ring of positive energy
Will    .....                   (no ring)
Stlth   ++........              (no ring)
HPRegen 0.09/turn               (no ring)
MPRegen 0.11/turn               (no ring)
                                (no ring)
                                (no ring)

@: confused, invisible
A: almost no armour, amphibious, 8 rings, camouflage 1, gelatinous body 1,
(nimble swimmer 1), tentacles
a: no special abilities


You were on level 3 of the Dungeon.
You visited 1 branch of the dungeon, and saw 3 of its levels.

You collected 76 gold pieces.

Inventory:

Hand Weapons
 b - a +0 short sword (weapon)
Jewellery
 d - a +6 ring of intelligence (left tentacle)
 g - a ring of positive energy (right tentacle)
Wands
 f - a wand of iceblast (4)
Scrolls
 a - a scroll of enchant armour {unknown}
 h - a scroll of fog {unknown}
Potions
 e - a potion of flight


   Skills:
 + Level 1.0 Fighting
 + Level 2.5 Dodging
 + Level 3.6 Stealth
 - Level 0.3 Unarmed Combat
 * Level 2.9 Spellcasting
 * Level 4.4 Conjurations
 * Level 0.9 Translocations


You had 3 spell levels left.
You knew the following spells:

 Your Spells              Type           Power      Damage    Failure   Level
a - Magic Dart            Conj           100%       1d8       1%          1
b - Iskenderun's Mystic   Conj/Tloc      19%        2d6       28%         4

Your spell library contained the following spells:

 Spells                   Type           Power      Damage    Failure   Level
 Searing Ray              Conj           56%        2d6       1%          2
 Dazzling Flash           Conj/Hex       32%        N/A       10%         3
 Fulminant Prism          Conj/Hex       8%         3d7       32%         4


Dungeon Overview and Level Annotations

Branches:
Dungeon (3/15)

Altars:
Fedhas


Innate Abilities, Weirdness & Mutations

You cannot wear most types of armour.
You are amphibious.
You can wear up to eight rings at the same time.
Your skin changes colour to match your surroundings (Stealth+).
Your rubbery body absorbs attacks. (AC +1, EV +1)
((You are camouflaged when in or above water. (Stealth+)))
You have tentacles for arms and can constrict up to eight enemies at once.


Message History

The orc wizard flickers and vanishes!
Deactivating autopickup; reactivate with Ctrl-A.
You're too confused to move!
Something hits you.
You're too confused to attack without stumbling around!
You bump into the rock wall.
You hear some strange, mumbled words.
You are more confused.
You bump into the rock wall.
Something barely misses you.
You bump into the rock wall.
Something hits you.
You miss something. Something hits you. x2
You fade into invisibility!
You hear some strange, mumbled words.
You are more confused.
You bump into the rock wall.
You hear some strange, mumbled words.
You are more confused.
Something tries to affect you, but you resist.
You bump into the rock wall.
A puff of flame appears from out of thin air!
The puff of flame misses you. Something hits you.
* * * LOW HITPOINT WARNING * * *
You bump into the rock wall.
Something hits you.
* * * LOW HITPOINT WARNING * * *
You are too confused!
You bump into the rock wall.
The orc shouts!
You hear some strange, mumbled words.
A puff of flame appears from out of thin air!
The puff of flame misses you.
Okay, then.
You bump into the rock wall.
You hear some strange, mumbled words.
A magic dart appears from out of thin air!
The magic dart hits you.
* * * LOW HITPOINT WARNING * * *
You're too confused to move!
You hear some strange, mumbled words.
A puff of flame appears from out of thin air!
The puff of flame hits you!
You die...

####.######.#
#..#..# #.#
####.####.)#..# #.#
#.......)..'..###
#.#
#.#........#...)...
#.#
#.#..####).#......#
#.# #.#..#
#.......... #.#
#.#..# #o.........
#.# #.#..#
#{#.......# #.#
#.#..# #@#.......#
#.# #.#..#
#.#.#...... #.#
#.#..# #.# #.#
#.#..# #.#
#.###.#..# #.#
#.....#..# #.#
##########..####.#
.................#
.##########.########


You could see an orc.

Vanquished Creatures
  An orc priest (D:3)
  An adder (D:2)
  3 dart slugs
  4 orcs (D:3)
  5 endoplasms
  A giant cockroach (D:1)
  6 goblins
  7 hobgoblins
  2 jackals (D:2)
  3 kobolds
  3 quokkas
  4 ball pythons
  7 bats
  2 frilled lizards
  A rat (D:3)
50 creatures vanquished.

Vanquished Creatures (others)
  2 plants (D:1)
2 creatures vanquished.

Grand Total: 52 creatures vanquished

Notes
Turn   | Place    | Note
-------+----------+-------------------------------------------
     0 | D:1      | smarlow the Octopode Conjurer began the quest for the Orb.
     0 | D:1      | Reached XP level 1. HP: 11/11 MP: 3/3
   551 | D:1      | Reached XP level 2. HP: 17/17 MP: 0/5
   995 | D:1      | Reached XP level 3. HP: 22/22 MP: 1/6
  1139 | D:1      | Found a faded altar of an unknown god.
  1884 | D:2      | Found a blossoming altar of Fedhas.
  2114 | D:2      | Reached XP level 4. HP: 27/27 MP: 2/8
  2211 | D:2      | Learned a level 4 spell: Iskenderun's Mystic Blast
  2669 | D:3      | Reached skill level 1 in Fighting
  3012 | D:3      | Killed from afar by an orc wizard

Illustrated notes

Levels and vault maps discovered:
D:1:      psy_arrival_conway, layout_rooms,
          hellmonk_ecumenical_altar_arch_garden
D:2:      layout_loops_ring, basic_altar
D:3:      layout_basic

Skill      XL: |  1  2  3  4 |
---------------+-------------+-----
Stealth        | 3 |  3.6
Fighting       | 1 |  1.0
Dodging        | |  2.5
Unarmed Combat | |  0.3
Spellcasting   | |  2.9
Conjurations   | |  4.4
Translocations | |  0.9

Action                   |  1- 3 |  4- 6 || total
-------------------------+-------+-------++-------
Melee: Unarmed           |     2 |       ||     2
       Constrict         |     1 |       ||     1
       Short sword       |       |     1 ||     1
 Cast: Magic Dart        |   103 |    26 ||   129
  Use: Scroll            |     2 |     2 ||     4
       Potion            |       |     1 ||     1
Armor: Skin              |     5 |       ||     5
Dodge: Dodged            |    16 |     3 ||    19
